 Dungeon Crawl Stone Soup version 0.28.0 (webtiles) character file.

Game seed: 7964027569038477081

823 willcat the Covert (level 7, -4/46 HPs)
             Began as an Octopode Delver on Feb 6, 2022.
             Was a Believer of Makhleb.
             Slain by a sky beast (5 damage)
             ... on level 5 of the Dungeon.
             The game lasted 00:04:31 (3793 turns).

willcat the Covert (Octopode Delver)                Turns: 3793, Time: 00:04:32

Health: -4/46      AC:  1    Str: 11    XL:     7   Next: 96%
Magic:  15/18      EV: 15    Int: 14    God:    Makhleb [**....]
Gold:   238        SH:  0    Dex: 20    Spells: 6/9 levels left

rFire   . . .      SeeInvis .   o - +1 dagger (elec)
rCold   . . .      Faith    .   (no shield)
rNeg    . . .      Spirit   .   (helmet restricted)
rPois   .          Reflect  .   (no amulet)
rElec   .          Harm     .   g - +6 ring of dexterity
rCorr   .          Rampage  .   h - ring of magical power
Will    .....                   (no ring)
Stlth   +++++.....              (no ring)
HPRegen 0.15/turn               (no ring)
MPRegen 0.16/turn               (no ring)
                                (no ring)
                                (no ring)

@: no status effects
A: almost no armour, amphibious, 8 rings, camouflage 1, gelatinous body 1,
(nimble swimmer 1), tentacles
a: Renounce Religion, Minor Destruction


You were on level 5 of the Dungeon.
You worshipped Makhleb.
Makhleb was pleased with you.
You visited 2 branches of the dungeon, and saw 7 of its levels.

You collected 238 gold pieces.

Inventory:

Hand Weapons
 o - a +1 dagger of electrocution (weapon)
Jewellery
 g - a +6 ring of dexterity (left tentacle)
 h - a ring of magical power (right tentacle)
Wands
 f - a wand of digging (3)
Scrolls
 b - a scroll of fog
 c - a scroll of magic mapping
 d - a scroll of fear
 i - 5 scrolls of identify {unknown}
 j - 3 scrolls of teleportation {unknown}
 l - a scroll of enchant armour {unknown}
 m - 4 scrolls of immolation {unknown}
 r - a scroll of amnesia {unknown}
Potions
 a - 2 potions of curing {unknown}
 e - a potion of haste
 k - a potion of degeneration {unknown}
 n - a potion of flight {unknown}
 p - a potion of lignification {unknown}
 q - a potion of magic {unknown}


   Skills:
 - Level 3.0 Fighting
 + Level 4.5 Short Blades
 + Level 4.5 Dodging
 + Level 8.8 Stealth
 + Level 1.8 Spellcasting
 + Level 2.0 Hexes
 + Level 3.4 Invocations


You had 6 spell levels left.
You knew the following spells:

 Your Spells              Type           Power      Damage    Failure   Level
a - Confusing Touch       Hex            7%         N/A       30%         3

Your spell library contained the following spells:

 Spells                   Type           Power      Damage    Failure   Level
 Slow                     Hex            28%        N/A       11%         1
 Ignite Poison            Fire/Tmut/Pois 1%         N/A       58%         3
 Mephitic Cloud           Conj/Pois/Air  1%         N/A       58%         3
 Vampiric Draining        Necr           1%         2d6       58%         3
 Freezing Cloud           Conj/Ice/Air   0%         6-21      100%        5


Dungeon Overview and Level Annotations

Branches:
Dungeon (6/15)             Temple (1/1) D:4

Altars:
Cheibriados
Dithmenos
Elyvilon
Gozag
Hepliaklqana
Makhleb
Nemelex Xobeh
Okawaru
Qazlal
Ru
Sif Muna
Trog
Uskayaw
Vehumet
Wu Jian
Yredelemnul
Zin
The Shining One


Innate Abilities, Weirdness & Mutations

You cannot wear most types of armour.
You are amphibious.
You can wear up to eight rings at the same time.
Your skin changes colour to match your surroundings (Stealth+).
Your rubbery body absorbs attacks. (AC +1, EV +1)
((You are camouflaged when in or above water. (Stealth+)))
You have tentacles for arms and can constrict up to eight enemies at once.


Message History

Something hits you. Something shocks you.
You hit something. Something hits you. Something shocks you.
You hit something but do no damage. Something hits you. Something shocks you.
A sky beast appears from thin air!
Reactivating autopickup.
The sky beast flickers out of sight!
Deactivating autopickup; reactivate with Ctrl-A.
There is an open door here.
A sky beast appears from thin air!
Reactivating autopickup.
Aiming: Minor Destruction (3% risk of failure)
Press: ? - help, Shift-Dir - straight line, f - sky beast
Aim: a sky beast (heavily wounded)
The puff of flame misses the sky beast.
The sky beast hits you. The sky beast shocks you.
* * * LOW HITPOINT WARNING * * *
Unknown command.
Unknown command.
Casting: Confusing Touch (quite dangerous; 30% risk of failure)
Confirm with . or Enter, or press ? or * to list all spells.
Okay, then.
Casting: Confusing Touch (quite dangerous; 30% risk of failure)
Confirm with . or Enter, or press ? or * to list all spells.
The spell is quite dangerous to miscast (30% risk of failure)!
Continue anyway?
Your tentacles begin to glow red.
The sky beast hits you.
* * * LOW HITPOINT WARNING * * *
The sky beast shocks you.
* * * LOW HITPOINT WARNING * * *
Unknown command.
You hit the sky beast but do no damage.
The sky beast is heavily wounded.
The sky beast barely misses you.
Unknown command.
You hit the sky beast but do no damage.
The sky beast appears confused.
You squeeze the sky beast.
The sky beast is severely wounded.
The sky beast hits you.
* * * LOW HITPOINT WARNING * * *
The sky beast shocks you.
You die...

+....#..........#
#.<..#..........# #
#....#..##.....###### ..
###....#..##.....#....####...
.......#..##.....#..[........
.......#.........+...........
.......#.........#........#
.......#+###'##.Y###'#....# .
####..........#.@##..#....# .
#
#..........#...'..#....######.
#
#..........'..##..#...........
#
#..........#..##..#..........#
#
#..........#####..#..........+
#
##########.....#..+..........#
# #.....#..#....###'### #
#.....#..#....#...... #
#.....#..#....#......


You could see a sky beast (confused).

Vanquished Creatures
  Eustachio (D:5)
  Menkaure (D:5)
  A centaur (D:5)
  A phantom (D:5)
  A howler monkey (D:3)
  A centaur skeleton (D:5)
  3 hounds (D:5)
  An orc priest (D:5)
  An orc wizard (D:5)
  A hound zombie (D:5)
  7 adders
  3 gnolls (D:3)
  An ufetubus (D:4)
  A worm (D:2)
  4 dart slugs
  7 orcs
  4 endoplasms
  3 giant cockroaches
  5 goblins
  4 hobgoblins
  4 jackals (D:1)
  5 quokkas
  3 ball pythons
  7 bats
  5 frilled lizards
  6 kobolds
  6 rats
87 creatures vanquished.

Notes
Turn   | Place    | Note
-------+----------+-------------------------------------------
     0 | D:5      | willcat the Octopode Delver began the quest for the Orb.
     0 | D:5      | Reached XP level 1. HP: 16/16 MP: 1/1
    19 | D:5      | Noticed an orc priest
   105 | D:6      | Noticed an orc wizard
   144 | D:5      | Noticed a centaur
   148 | D:5      | Killed a centaur
   149 | D:5      | Reached skill level 7 in Stealth
   149 | D:5      | Reached XP level 2. HP: 17/21 MP: 2/2
   149 | D:5      | Reached XP level 3. HP: 21/26 MP: 3/3
   149 | D:5      | Reached XP level 4. HP: 26/31 MP: 4/4
   233 | D:4      | Found a staircase to the Ecumenical Temple.
   258 | Temple   | Entered the Ecumenical Temple
   346 | Temple   | Became a worshipper of Makhleb the Destroyer
   643 | D:4      | Identified the +1 ring mail of Hairiness {rF+}
   969 | D:3      | Reached XP level 5. HP: 36/36 MP: 5/5
  1119 | D:3      | Reached skill level 1 in Invocations
  1159 | D:3      | Reached * piety under Makhleb
  1221 | D:3      | Reached skill level 8 in Stealth
  1221 | D:3      | Reached XP level 6. HP: 22/42 MP: 7/7
  1950 | D:2      | Learned a level 3 spell: Confusing Touch
  2230 | D:1      | Reached ** piety under Makhleb
  2288 | D:1      | Found a faded altar of an unknown god.
  2978 | D:5      | Noticed Eustachio
  2981 | D:5      | Killed Eustachio
  2982 | D:5      | Reached skill level 1 in Hexes
  2982 | D:5      | Reached XP level 7. HP: 46/46 MP: 8/8
  3211 | D:5      | Reached skill level 1 in Spellcasting
  3237 | D:5      | Noticed Menkaure
  3475 | D:5      | Killed Menkaure
  3793 | D:5      | HP: 1/46 [sky beast (3)]
  3793 | D:5      | Slain by a sky beast

Illustrated notes

Levels and vault maps discovered:
D:1:      minmay_arrival_widening_spiral_wide, layout_basic,
          basic_ecumenical_altar
D:2:      layout_rooms, dk_noncrumbling_4, serial_park_tiny_2,
          hangedman_decor_riveting
D:3:      layout_rooms, moated_statue, kennysheep_potato
D:4:      layout_cave_pools, minmay_temple_entry_hall
D:5:      layout_gridville, uniq_eustachio, uniq_menkaure
D:6:      layout_loops_ring, mainiacjoe_overflow_surrounded_room, uniq_sigmund
Temple:   regret_index_temple_mists

Skill      XL: |  1  2  3  4  5  6  7 |
---------------+----------------------+-----
Short Blades   | 3 4 |  4.5
Dodging        | 3 4 |  4.5
Stealth        | 7 8 |  8.8
Invocations    | 1 2 3 |  3.4
Hexes          | 1 2 |  2.0
Spellcasting   | 1 |  1.8
Fighting       | |  3.0

Action                   |  1- 3 |  4- 6 |  7- 9 || total
-------------------------+-------+-------+-------++-------
Melee: Short sword       |     6 |    32 |       ||    38
       Tentacles         |     2 |    20 |    16 ||    38
       Constrict         |     1 |    24 |     5 ||    30
       Dagger            |       |    81 |    51 ||   132
       Punch             |       |       |     1 ||     1
 Cast: Confusing Touch   |       |       |     1 ||     1
Invok: Minor Destruction |       |       |     2 ||     2
  Use: Scroll            |       |       |     1 ||     1
 Stab: Sleeping          |     1 |    33 |     2 ||    36
       Distracted        |       |     1 |     1 ||     2
Armor: Skin              |     1 |     5 |       ||     6
Dodge: Dodged            |     3 |    41 |    34 ||    78
